AoeStats
← 老鱼~

Arabia

507624487Analyzed
1v1 RM · 13d ago on Sep 19, 2026· 25m 47s· 2 players
Game mode
Random Map
Map size
Tiny (2 player)
Population
200
Speed
Normal
Resources
Standard
Victory
Conquest
Starting age
Dark Age
Ending age
Imperial Age
RankedLock teamsTeams togetherTeam positionsShared explorationLock speedFull tech treeHidden civsTurbo modeCheats
Victory
Defeat
🇨🇳 Ethiopians · China
650
+12
🇺🇸 Persians · United States
562
-13
TheSilentCuban
6:42 Loom
11:03 Feudal Age
16:06 Bloodlines
22:06 Castle Age
21:57 Light Cavalry
22:38 Husbandry
老鱼~
11:32 Feudal Age
12:28 Double-Bit Axe
18:32 Castle Age
17:19 Gold Mining
17:30 Stone Mining
20:07 Wheelbarrow
19:45 Forging
19:51 Bow Saw
20:04 Town Watch
Connection lost

Rejoining the realm…

Still unreachable

The connection could not be restored.

Session expired

The server has moved on; the page needs a fresh start.